 Dungeon Crawl Stone Soup version 0.23-a0-422-g30b1108 (webtiles) character file.

228 galech the Chopper (level 5, -2/41 HPs)
             Began as a Demonspawn Fighter on Nov 14, 2018.
             Killed by divine providence
             ... invoked by an orc priest
              (10 damage)
             ... on level 3 of the Dungeon.
             The game lasted 00:03:15 (2670 turns).

galech the Chopper (Demonspawn Fighter)             Turns: 2670, Time: 00:03:17

Health: -2/41      AC: 13    Str: 17    XL:     5   Next: 70%
Magic:  5/5        EV:  3    Int:  9    God:
Gold:   189        SH:  9    Dex: 15    Spells: 4/4 levels left

rFire    . . .     SeeInvis .   a - +0 war axe
rCold    . . .     Gourm    .   c - +0 shield
rNeg     . . .     Faith    .   o - +0 plate armour
rPois    .         Spirit   .   (no helmet)
rElec    .         Reflect  .   (no cloak)
rCorr    .         Harm     .   (no gloves)
MR       .....                  (no boots)
Stlth    ..........             (no amulet)
HPRegen  0.13/turn              w - ring of wizardry
MPRegen  0.09/turn              k - +2 ring of dexterity

@: no status effects
A: molten scales 1, demonic guardian 1
a: no special abilities


You were on level 3 of the Dungeon.
You were not hungry.

You visited 1 branch of the dungeon, and saw 3 of its levels.
You also visited: Sewer.

You collected 189 gold pieces.

Inventory:

Hand Weapons
 a - a +0 war axe (weapon)
Armour
 c - a +0 shield (worn)
 e - a +0 leather armour of cold resistance
 o - a +0 plate armour (worn)
Jewellery
 h - an uncursed ring of fire
 k - a +2 ring of dexterity (right hand)
 w - a ring of wizardry (left hand)
Wands
 u - a wand of flame (12)
Scrolls
 g - a scroll of teleportation {unknown}
 i - 2 scrolls of identify {unknown}
 j - a scroll of noise {unknown}
 l - 2 scrolls of immolation {unknown}
 q - a scroll of remove curse {unknown}
 r - a scroll of enchant weapon {unknown}
Potions
 b - a potion of invisibility {unknown}
 d - 2 potions of might
 m - a potion of mutation {unknown}
 n - a potion of lignification {unknown}
 p - a potion of curing {unknown}
 s - a potion of haste {unknown}
 v - a potion of ambrosia {unknown}
Comestibles
 f - 8 rations
 t - 3 chunks of flesh


   Skills:
 + Level 3.6 Fighting
 + Level 3.7 Axes
 + Level 3.5 Armour
 + Level 1.0 Dodging
 + Level 0.4 Stealth
 + Level 3.4 Shields


You had 4 spell levels left.
You didn't know any spells.
Your spell library was empty.

Dungeon Overview and Level Annotations

Branches:
Dungeon (3/15)

Altars:
Kikubaaqudgha


Innate Abilities, Weirdness & Mutations

You are partially covered in molten scales. (AC +2)
A weak demonic guardian rushes to your aid.


Message History

Your iron imp dies!
The orc wizard gestures wildly while chanting.
The orc wizard blinks!
The orc hits you but does no damage.
The orc priest hits you but does no damage.
You block the orc priest's attack. You block the orc priest's attack.
The orc priest miscasts a cantrip.
The orc priest looks braver for a moment.
The orc priest hits you but does no damage.
Unknown command.
The orc priest begins to cast a cantrip, but forgets the words! x2
The orc wizard points at you and mumbles some strange words.
The magic dart hits you!
* * * LOW HITPOINT WARNING * * *
Your white imp gestures at the orc priest.
The puff of frost hits the orc priest.
The orc priest calls down the wrath of Beogh upon you.
Beogh smites you!
You die...

#......##.# #..........#.#
#......##.# #..........#.#
#......##.# #..........#)#
#.......#.# #.........รท(..
###....5..#.# #.............
............###.............
....#####oo.................
.........o..###.######..)...
..........@....# #......
...(...o......## #......
........#.....# #......
........#.....# #......
........#.....# #......
........#.....# #####.#
###.....#.....# #.# #######
#.#


You could see 2 orc priests, an orc wizard, an orc and a friendly white imp.

Vanquished Creatures
  A hound (D:2)
  Natasha (twice) (D:3)
  3 adders (D:3)
  An ooze (D:1)
  A leopard gecko (D:1)
  An orc (D:3)
  9 giant cockroaches
  7 goblins
  7 hobgoblins
  2 ball pythons (D:1)
  11 bats
  4 frilled lizards
  3 kobolds
  A rat (D:1)
53 creatures vanquished.

Vanquished Creatures (collateral kills)
  A crocodile (Sewer)
  Natasha (D:3)
  2 orcs (D:3)
4 creatures vanquished.

Grand Total: 57 creatures vanquished

Notes
Turn   | Place    | Note
-------+----------+-------------------------------------------
     0 | D:1      | galech the Demonspawn Fighter began the quest for the Orb.
     0 | D:1      | Reached XP level 1. HP: 18/18 MP: 1/1
   189 | D:1      | Gained mutation: A weak demonic guardian rushes to your
                  | aid. [demonic ancestry]
   189 | D:1      | Reached XP level 2. HP: 11/24 MP: 2/2
   711 | D:1      | Reached XP level 3. HP: 29/29 MP: 3/3
  1036 | D:2      | Found an ancient bone altar of Kikubaaqudgha.
  1832 | D:3      | Gained mutation: You are partially covered in molten
                  | scales. (AC +2) [demonic ancestry]
  1832 | D:3      | Reached XP level 4. HP: 35/35 MP: 4/4
  1843 | D:3      | Found a faded altar of an unknown god.
  1869 | D:3      | Noticed Natasha
  1875 | D:3      | Killed Natasha
  1882 | D:3      | Found a glowing drain.
  1975 | Sewer    | Entered a sewer
  2077 | Sewer    | Noticed a crocodile
  2095 | Sewer    | Killed a crocodile
  2095 | Sewer    | Reached skill level 1 in Dodging
  2095 | Sewer    | Reached XP level 5. HP: 4/41 MP: 5/5
  2503 | D:3      | Noticed Natasha
  2513 | D:3      | Killed Natasha
  2533 | D:3      | Noticed Natasha
  2538 | D:3      | Killed Natasha
  2670 | D:3      | Killed from afar by an orc priest

Vault maps used:
D:1:      minmay_arrival_plants_in_alcoves, roderic_nine_men_s_morris,
          glass_columns_a
D:2:      lemuel_crystal_altar, first_ration, kennysheep_generic_room_8
D:3:      chequers_ecumenical_altar_island, gup_sewer_entry_glass, uniq_ijyb,
          uniq_natasha
Sewer:    sewer_big_baddie

Skill      XL: |  1  2  3  4 |
---------------+-------------+-----
Axes           | 2 3 |  3.7
Shields        | 3 |  3.4
Armour         | 3 |  3.5
Dodging        | 1 |  1.0
Fighting       | |  3.6
Stealth        | |  0.4

Action                   |  1- 3 |  4- 6 || total
-------------------------+-------+-------++-------
Melee: War axe           |   128 |    85 ||   213
 Stab: Distracted        |       |     1 ||     1
  Eat: Chunk             |     3 |     3 ||     6
Armor: Leather armour    |    41 |       ||    41
       Scale mail        |     3 |       ||     3
       Plate armour      |     7 |    95 ||   102
Dodge: Dodged            |    55 |    19 ||    74
Block: Shield            |    55 |    60 ||   115

Table legend:
 A = Non-vault XP
 B = Vault XP
 C = Vault XP percentage of total XP
 D = Non-vault monster count
 E = Vault monster count
 F = Vault count percentage of total count
                 A         B        C        D         E       F
            +---------+---------+-------+---------+---------+-------
      Total |     203 |     123 |  37.7 |      45 |      12 |  21.1
            +---------+---------+-------+---------+---------+-------
        D:1 |      45 |       0 |   0.0 |      25 |       0 |   0.0
        D:2 |      46 |       2 |   4.2 |       7 |       1 |  12.5
        D:3 |     112 |      45 |  28.7 |      13 |       5 |  27.8
      Sewer |       0 |      76 | 100.0 |       0 |       6 | 100.0
            +---------+---------+-------+---------+---------+-------
